 Dungeon Sprint DCSS version 0.21-a0-221-gfe971b9 (webtiles) character file.

49 potatolord6000 the Skirmisher (level 3, -3/31 HPs)
             Began as a Demonspawn Fighter on Aug 25, 2017.
             Drowned by a water elemental (5 damage)
             ... in the Dungeon (Sprint III: "The Ten Rune Challenge").
             The game lasted 00:01:02 (132 turns).

potatolord6000 the Skirmisher (Demonspawn Fighter)   Turns: 132, Time: 00:01:03

Health: -3/31      AC:  7    Str: 22    XL:     3   Next: 53%
Magic:  3/3        EV:  7    Int:  9    God:
Gold:   11         SH: 14    Dex: 12    Spells: 2/2 levels left

rFire    + . .     SeeInvis .   a - +0 long sword
rCold    . . .     Gourm    .   c - +0 shield
rNeg     . . .     Faith    .   b - +0 scale mail
rPois    .         Spirit   .   (no helmet)
rElec    .         Reflect  .   (no cloak)
rCorr    .         Harm     .   (no gloves)
MR       .....     NoTele   +   (no boots)
Stlth    ..........             (no amulet)
HPRegen  0.50/turn              l - ring of protection from fire
MPRegen  0.08/turn              (no ring)

@: mighty, engulfed (cannot breathe), hasted, very quick
A: large bone plates 1, powered by pain 1, regeneration 1, wild magic 1
a: no special abilities


You were in the Dungeon.
You were not hungry.

You visited 1 branch You collected 11 gold pieces.

Inventory:

Hand Weapons
 a - a +0 long sword (weapon)
Armour
 b - a +0 scale mail (worn)
 c - a +0 shield (worn)
Jewellery
 l - a ring of protection from fire (left hand)
Scrolls
 k - a scroll of blinking
 m - a scroll of holy word {unknown}
 n - 2 scrolls of identify
 o - 3 scrolls of remove curse
 r - 3 scrolls of immolation {unknown}
 s - a scroll of recharging {unknown}
Potions
 d - a potion of might
 i - 2 potions of magic
 j - a potion of berserk rage
 q - 2 potions of flight
Comestibles
 f - a bread ration
 p - a royal jelly
 t - a meat ration


   Skills:
 + Level 4.6 Fighting
 + Level 3.5 Long Blades
 + Level 4.2 Armour
 + Level 4.1 Shields
 + Level 0.0 Spellcasting


You had 2 spell levels left.
You didn't know any spells.

Dungeon Overview and Level Annotations

Branches:
Dungeon (1/1)

Altars:


Innate Abilities, Weirdness & Mutations

You are partially covered in large bone plates. (SH +4)
You sometimes gain a little power by taking damage.
Your natural rate of healing is unusually fast.
Your spells are a little harder to cast, but a little more powerful.


Message History

You closely miss the water elemental.
Your lungs strain for air!
You block the water elemental's attack.
You hit the water elemental.
The water elemental is lightly damaged.
Your lungs strain for air!
You block the water elemental's attack.
You slash the water elemental!
The water elemental is heavily damaged.
Your lungs strain for air!
The water elemental hits you!
* * * LOW HITPOINT WARNING * * *
You focus on the pain.
You feel mightier all of a sudden.
You feel better.
* * * LOW HITPOINT WARNING * * *
Your lungs strain for air!
You hit the water elemental but do no damage.
The water elemental is heavily damaged.
You die...

▓▓▓▓▓▓▓▓▓▓ ▓▓▓
<.#.!'...♣♣ ♣.#
..#..#....♣ ♣.#
#'####....♣♣ ..#
.†...#....≈♣♣♣♣♣.# #+#+#
.....#...≈≈.♣..♣.#......
....(#..≈≈≈≈.♣..@E.⌠....
####'#..≈≈≈≈≈≈...#...###
.....#.≈≈≈≈≈≈....# ⌠.#
....[#.≈≈≈≈≈.....# .#
.....#.≈≈≈.......# #
'#####...........#
.................#
▓▓▓▓▓▓▓▓▓▓▓▓▓▓▓▓▓▓


You could see a water elemental.

Vanquished Creatures
  Jessica (D)
  A human (D)
  A phantom (D)
  3 rats (D)
6 creatures vanquished.

Vanquished Creatures (others)
  2 yaktaurs (D)
  3 hellions (D)
  2 plants (D)
7 creatures vanquished.

Grand Total: 13 creatures vanquished

Notes
Turn   | Place    | Note
-------+----------+-------------------------------------------
     0 | D        | potatolord6000 the Demonspawn Fighter began the quest for the Orb.
     0 | D        | Reached XP level 1. HP: 18/18 MP: 1/1
    15 | D        | Noticed Jessica
    22 | D        | Killed Jessica
    22 | D        | Gained mutation: You sometimes gain a little power by taking damage. [demonic ancestry]
    22 | D        | Reached XP level 2. HP: 13/25 MP: 2/2
    31 | D        | Killed a yaktaur
    49 | D        | HP: 1/25 [human (2)]
    58 | D        | Gained mutation: You are partially covered in large bone plates. (SH +4) [demonic ancestry]
    58 | D        | Reached XP level 3. HP: 31/31 MP: 3/3
    83 | D        | Killed a hellion
    83 | D        | Killed a hellion
    91 | D        | Gained mutation: Armour fits poorly on your strangely shaped body. [potion of mutation]
    91 | D        | Gained mutation: You have a pair of small horns on your head. [potion of mutation]
    91 | D        | Gained mutation: You have sharp fingernails. [potion of mutation]
    92 | D        | Lost mutation: Armour fits poorly on your strangely shaped body. [potion of mutation]
    92 | D        | Lost mutation: You have a pair of small horns on your head. [potion of mutation]
    92 | D        | Lost mutation: You have sharp fingernails. [potion of mutation]
    92 | D        | Gained mutation: Your natural rate of healing is unusually fast. [potion of mutation]
    92 | D        | Gained mutation: Your spells are a little harder to cast, but a little more powerful. [potion of mutation]
   110 | D        | Killed a hellion
   112 | D        | Killed a yaktaur
   125 | D        | Noticed a water elemental
   132 | D        | Drowned by a water elemental

Vault maps used:
D:        dungeon_sprint_mu

Skill      XL: |  1  2 |
---------------+-------+-----
Long Blades    | 3 |  3.5
Fighting       | 4 |  4.6
Armour         | 3 4 |  4.2
Shields        | 3 4 |  4.1

Action                   || total
-------------------------++-------
Melee: Long sword        ||    30
  Use: Potion            ||     6
Armor: Scale mail        ||    15
Dodge: Dodged            ||     7
Block: Shield            ||    19
       Rpst.: Long sword ||     1

Table legend:
 A = Spawn XP
 B = Non-spawn XP
 C = Spawn XP percentage of total XP
 D = Spawn monster count
 E = Non-spawn monster count
 F = Spawn count percentage of total count
 G = Total turns spent on level
                    A         B        C        D         E        F      G
               +---------+---------+-------+---------+---------+-------+---------
         Total |       0 |      71 |   0.0 |       0 |       6 |   0.0 |   132
               +---------+---------+-------+---------+---------+-------+---------
             D |       0 |      71 |   0.0 |       0 |       6 |   0.0 |   132
               +---------+---------+-------+---------+---------+-------+---------
